 Dungeon Crawl Stone Soup version 0.13-b1-54-gfe00c74 (webtiles) character file.

268 Malachi the Poker (level 4, -2/35 HPs)
             Began as a Demonspawn Gladiator on Oct 10, 2013.
             Slain by a gnoll
             ... wielding a +0,+0 club
              (3 damage)
             ... on Level 3 of the Dungeon.
             The game lasted 00:03:17 (2332 turns).

Malachi the Poker (Demonspawn Gladiator)            Turns: 2332, Time: 00:03:18

HP  -2/35        AC  6     Str 16      XL: 4   Next: 48%
MP   3/3         EV 11     Int  9      God:
Gold 167         SH  8     Dex 14      Spells:  0 memorised,  3 levels left

Res.Fire  : . . .   See Invis. : .   a - +0 trident
Res.Cold  : . . .   Warding    : .   b - +0 leather armour
Life Prot.: . . .   Conserve   : .   g - +0 buckler
Res.Poison: .       Res.Corr.  : .   (helmet restricted)
Res.Elec. : .       Clarity    : .   (no cloak)
Sust.Abil.: . .     Spirit.Shd : .   (no gloves)
Res.Mut.  : .       Stasis     : .   n - +0 pair of boots
Res.Rott. : .       Flight     : .   (no amulet)
Saprovore : . . .                    (no ring)
                                     (no ring)

@: slightly resistant to hostile enchantments, unstealthy
A: horns 1, AC +2
a: no special abilities


You were on level 3 of the Dungeon.
You were hungry.

You visited 1 branch of the dungeon, and saw 4 of its levels.

You collected 147 gold pieces.

Inventory:

Hand weapons
 a - a +0,+0 trident (weapon)
Missiles
 d - a throwing net (quivered)
 u - a throwing net [torn]
Armour
 b - a +0 leather armour (worn)
 c - a +0 helmet
 g - a +0 buckler (worn)
 n - a +0 pair of boots (worn)
Magical devices
 m - a wand of flame (11) {unknown}
Comestibles
 f - 3 bread rations
 k - a rambutan
 r - a meat ration
Scrolls
 e - 2 scrolls of identify {unknown}
 i - a scroll of enchant armour {unknown}
 j - 2 scrolls of teleportation {unknown}
 l - a scroll of curse armour {unknown}
 p - a scroll of noise {unknown}
 s - a scroll of recharging {unknown}
Jewellery
 h - an uncursed ring of fire {unknown}
 t - a cursed -2,-3 ring of slaying {unknown}
Potions
 o - a potion of might {unknown}
 q - 3 potions of curing {unknown}


   Skills:
 - Level 2.0 Fighting
 * Level 4.6 Polearms
 - Level 1.7 Throwing
 - Level 2.6 Dodging
 * Level 1.0 Shields


You had 3 spell levels left.
You didn't know any spells.

Dungeon Overview and Level Annotations

Branches:
Dungeon (4/27)
 Temple: D:4-7

Altars:
Nemelex Xobeh


Innate Abilities, Weirdness & Mutations

You have a pair of small horns on your head.
You are partially covered in slimy green scales (AC +2).


Message History

The gnoll is heavily wounded.
The gnoll barely misses you.
You barely miss the gnoll. You headbutt the gnoll.
The gnoll is severely wounded.
The gnoll hits you with a club.
* * * LOW HITPOINT WARNING * * *
You hit the gnoll.
The gnoll is almost dead.
The gnoll hits you with a club.
* * * LOW HITPOINT WARNING * * *
You closely miss the gnoll.
The gnoll is almost dead.
The gnoll closely misses you.
You barely miss the gnoll.
The gnoll is almost dead.
The gnoll hits you but does no damage.
You hit the gnoll.
The gnoll is almost dead.
The gnoll hits you with a club.
You die...

#.# #.# #.# #.# ##### #.#
#...# #.# #...# #######.#
###...###############.......#
..'...'.........@...'..%....#
###...######(...)g###......##
##### #<.....# #.>....#
#####..(...# ########
#####.........##
#.....###.###.#
#####.#...###'####
#.#.#.##.....#
#####.#....'.....#


You could see a gnoll.

Vanquished Creatures
  An iguana (D:4)
  2 adders
  A gnoll (D:3)
  2 giant geckos
  6 bats
  2 giant cockroaches
  6 hobgoblins
  2 jackals (D:1)
  4 kobolds
  A ball python (D:3)
  4 giant newts
  11 goblins
  7 rats
49 creatures vanquished.

Notes
Turn   | Place    | Note
--------------------------------------------------------------
     0 | D:1      | Malachi, the Demonspawn Gladiator, began the quest for the Orb.
     0 | D:1      | Reached XP level 1. HP: 17/17 MP: 0/0
   187 | D:1      | Reached skill level 3 in Polearms
   259 | D:1      | Gained mutation: You are partially covered in slimy green scales (AC +2). [demonic ancestry]
   259 | D:1      | Reached XP level 2. HP: 21/23 MP: 1/1
   737 | D:1      | HP: 1/23 [poisoned by a goblin]
  1427 | D:2      | Gained mutation: You have a pair of small horns on your head. [demonic ancestry]
  1427 | D:2      | Reached XP level 3. HP: 25/28 MP: 2/2
  1924 | D:2      | Reached skill level 4 in Polearms
  2044 | D:3      | Reached skill level 1 in Shields
  2192 | D:3      | Found a sparkling altar of Nemelex Xobeh.
  2293 | D:4      | Reached XP level 4. HP: 35/35 MP: 3/3
  2329 | D:3      | HP: 1/35 [gnoll/club (5)]
  2332 | D:3      | Slain by a gnoll

Action                   |  1- 3 |  4- 6 || total
-------------------------+-------+-------++-------
Melee: Trident           |   139 |    21 ||   160
Throw: Throwing net      |       |     2 ||     2
 Stab: Sleeping          |     1 |       ||     1
       Held in net/web   |       |     2 ||     2
